[Event "29th Bosnjaci Open 2025"]
[Site "Bosnjaci"]
[Date "2025.01.06"]
[Round "5.3"]
[White "Zadravec, Matija"]
[Black "Pap, Misa"]
[Result "0-1"]
[ECO "B23"]
[WhiteElo "2283"]
[BlackElo "2436"]
[Annotator "TA"]
[PlyCount "98"]
[EventDate "2025.01.04"]
[EventType "swiss"]
[EventCountry "CRO"]
[SourceTitle "playchess.com"]
[Source "ChessBase"]
[SourceQuality "1"]
[TimeControl "5400+30"]

1. e4 c5 2. Nc3 Nc6 3. Bb5 Nd4 4. Nf3 Nxb5 5. Nxb5 d6 6. d4 Nf6 7. Nc3 cxd4 8. Qxd4 e5 {[%emt 0:00:14] The position is equal.} 9. Qd3 h6 {[%emt 0:00:05] Prevents Bg5.} 10. Nd2 Be6 11. Nc4 Rc8 12. Ne3 Be7 13. O-O O-O 14. Rd1 Qc7 15. Bd2 a6 16. a4 $1 Bc4 17. Nxc4 Qxc4 18. Be1 Rfd8 19. Qxc4 Rxc4 20. f3 d5 21. exd5 Bc5+ 22. Kf1 Bd4 23. Rd3 Nd7 (23... Nxd5 24. Nxd5 Rxc2 (24... Rxd5 $2 25. c3 $18) 25. Ne3 (25. Ne7+ Kh7 $18) 25... Rxb2 26. Nc4 $18 (26. Nf5 Rc2 $18)) 24. Ra2 (24. b3 $14 Rcc8 25. Rad1) 24... Nc5 $11 25. Rd1 f6 26. Ne2 Rxc2 27. Nxd4 exd4 28. Rxd4 Re8 {[%emt 0:01:31] And now ...Rc1 would win.} 29. Rd2 (29. Rd1 $11 {keeps the balance.}) 29... Rc1 $17 {[%emt 0:01:09] Black has more active pieces.} 30. Re2 Rxe2 (30... Rd8 $1 $15) 31. Kxe2 $15 {[%emt 0:00:02][%mdl 4096] Endgame. KRB-KRN} Rc2+ 32. Kf1 Kf7 33. a5 Nd3 {[%emt 0:01:04][%cal Oc2c1] Strongly threatening ...Rc1!} 34. Ra3 Nxe1 (34... Nxb2 $6 35. Rb3 $16) 35. Kxe1 Rxb2 $11 {[%emt 0:00:11][%cal Of7e7] KR-KR} 36. Re3 (36. Rc3 $11 {remains equal.}) 36... Rb5 $1 $17 (36... Rxg2 37. d6 Rg5 38. Re7+ Kg6 39. Rxb7 $15) 37. d6 $2 {[%emt 0:00:18][%mdl 8192] [#] This costs White the game.} (37. Ra3 $17 {is tougher.}) 37... Re5 $1 $19 38. Rxe5 (38. Kf2 $142 Rxe3 (38... Rxa5 39. Re7+ Kf8 40. Rxb7 $11) (38... Ke6 39. Ra3 $17) 39. Kxe3) 38... fxe5 {[%emt 0:00:05] KP-KP} 39. Kd2 Ke6 40. Ke3 Kxd6 41. Ke4 Kc5 42. Kxe5 Kb5 43. Kf5 Kxa5 44. Kg6 b5 {[%emt 0:00:04] Black mates.} 45. Kxg7 {[%emt 0:00:10] [#]} b4 $1 46. f4 b3 47. f5 b2 48. f6 b1=Q ({Not} 48... b1=R 49. g4 $11) 49. f7 Qb2+ {[%emt 0:00:13] Weighted Error Value: White=0.70/Black=0.06 (flawless) .  Loses game:     	White=1     	---        Mistake:       	White=4     	Black=1      Inaccurate:     	White=1     	Black=1      OK:         	White=16    	Black=11     Best:        	White=1     	Black=2      Strong:       	White=1     	Black=2} 0-1

[Event "29th Bosnjaci Open 2025"]
[Site "Bosnjaci"]
[Date "2025.01.06"]
[Round "5.4"]
[White "Zaja, Ivan"]
[Black "Muratovic, Efim"]
[Result "1-0"]
[ECO "E51"]
[WhiteElo "2418"]
[BlackElo "2322"]
[Annotator "TA"]
[PlyCount "103"]
[EventDate "2025.01.04"]
[EventType "swiss"]
[EventCountry "CRO"]
[SourceTitle "playchess.com"]
[Source "ChessBase"]
[SourceQuality "1"]
[TimeControl "5400+30"]

1. d4 Nf6 2. c4 e6 3. Nc3 Bb4 4. e3 O-O 5. Bd3 d5 6. a3 dxc4 7. Bxc4 Be7 8. Nf3 c5 9. O-O a6 10. dxc5 Bxc5 11. Qe2 Nbd7 12. e4 b5 13. Ba2 Bb7 14. e5 Nd5 15. Nxd5 Bxd5 16. Bxd5 exd5 17. Rd1 (17. Qd3 Re8 18. Qxd5 Rc8 19. Bg5) 17... Nb6 18. Be3 (18. Ng5 {feels hotter.} Qc8 19. Qd3 g6 20. Be3) 18... Bxe3 19. Qxe3 Re8 20. b3 Rc8 21. Rac1 h6 22. h3 {[%emt 0:01:26] White is much more active.} Rxc1 23. Rxc1 Nd7 24. Qd4 Qb8 25. Re1 Qb7 26. Rd1 Qb8 27. Qxd5 Nxe5 28. Nh4 (28. Nxe5 {simplifies} Rxe5 29. Qd8+ Qxd8 30. Rxd8+ Kh7 31. Rd6) 28... Qc8 29. f4 Nc6 (29... g5 $1 $11) 30. Rc1 $14 Re6 31. Nf5 Qd8 $1 32. Qxd8+ Nxd8 {[%emt 0:00:01][%mdl 4096] Endgame KRN-KRN} 33. Rc8 Re1+ 34. Kf2 Rd1 35. Ke3 ({White should try} 35. Ke2 $14 Rd7 36. Ke3 (36. Ra8 g6 $14)) 35... Kh7 $11 36. Ra8 Ne6 37. Rxa6 Nc5 38. Ra7 Rd3+ 39. Ke2 Rxb3 40. Rxf7 Kg6 {[%emt 0:00:33] [#]} (40... Ne6 $1 $11 {keeps the balance.}) 41. Nd6 $1 $16 Kh7 42. Ra7 Ne6 (42... b4 $142) 43. f5 Nf4+ 44. Kf2 {[%emt 0:00:34] And now f6 would win.} Kg8 45. Ra8+ Kh7 46. Nf7 g6 $2 (46... g5 47. Ra6 Nd3+ 48. Kg1 Nf4) 47. f6 $18 g5 48. Ne5 Rb2+ 49. Kf3 {[%emt 0:00:31] Threatening mate with Ra7+.} Nxg2 50. Ra7+ Kg8 51. Rg7+ Kf8 52. Ng6+ 1-0

[Event "29th Bosnjaci Open 2025"]
[Site "Bosnjaci"]
[Date "2025.01.06"]
[Round "5.5"]
[White "Kovacevic, Blazimir"]
[Black "Vucenovic, Damian"]
[Result "1-0"]
[ECO "A14"]
[WhiteElo "2379"]
[BlackElo "2272"]
[Annotator "TA"]
[PlyCount "83"]
[EventDate "2025.01.04"]
[EventType "swiss"]
[EventCountry "CRO"]
[SourceTitle "playchess.com"]
[Source "ChessBase"]
[SourceQuality "1"]
[TimeControl "5400+30"]

1. Nf3 d5 2. g3 Nf6 3. Bg2 e6 4. O-O Be7 5. c4 O-O 6. d3 c5 7. Ne5 Nbd7 8. Nxd7 Bxd7 9. e4 {[%emt 0:00:49] The position is equal.} dxe4 10. dxe4 Qc7 {[%emt 0:00:51] Repels e5} 11. Qe2 Bc6 12. f4 Ne8 13. Nc3 Nd6 14. b3 Rab8 15. Bb2 a6 16. g4 b5 (16... f6 $11) 17. e5 $14 Ne8 {[%emt 0:00:21] Black is now going downhill.} 18. Ne4 bxc4 19. bxc4 Bxe4 20. Bxe4 f5 21. gxf5 exf5 22. Bd5+ Kh8 {[%emt 0:00:05] Black is weak on the light squares} 23. Bc3 Qb6 24. Qd2 Qh6 25. Ba5 {[%emt 0:16:38] Prevents Nc7. This pair of bishops is nice.} g5 26. Bc3 {[%emt 0:00:05] White is more active.} gxf4 27. Qxf4 Qxf4 28. Rxf4 Kg7 $2 (28... h6 {keeps fighting.} 29. Kh1 Bg5) 29. Raf1 Kg6 30. R4f3 h6 31. e6 (31. Rg3+ Kh7 32. Kh1 Rb6) 31... Bf6 32. Rxf5 Bd4+ 33. Bxd4 Rxf5 34. Be4 (34. Bxc5 Rxf1+ 35. Kxf1 Nf6 $11) 34... cxd4 (34... Nd6 35. Bxf5+ Nxf5 36. Bxc5 h5) 35. Rxf5 $18 {[%emt 0:00:27][%mdl 4096] [#] Endgame. Rb5+ is the strong threat. KRB-KRN} ({Inferior is} 35. Bxf5+ Kf6 $11) 35... Kg7 36. Rf7+ Kg8 37. Bd5 Kh8 38. e7 Kg8 39. Kf2 {[%emt 0:00:57] [#] aiming for Ke2.} Rb2+ 40. Ke1 {[%emt 0:00:05] Strongly threatening Rf2+.} Nc7 41. Rf2+ Nxd5 42. e8=Q+ {[%emt 0:00:07] Weighted Error Value: White=0.18 (very precise) /Black=0.68.  Mistake:       	---       	Black=3      Inaccurate:     	White=4     	Black=3      OK:         	White=11    	Black=6      Best:        	White=4     	Black=2} 1-0

[Event "29th Bosnjaci Open 2025"]
[Site "Bosnjaci"]
[Date "2025.01.06"]
[Round "5.6"]
[White "Berke, Ana"]
[Black "Fercec, Nenad"]
[Result "0-1"]
[ECO "B55"]
[WhiteElo "2133"]
[BlackElo "2382"]
[Annotator "TA"]
[PlyCount "48"]
[EventDate "2025.01.04"]
[EventType "swiss"]
[EventCountry "CRO"]
[SourceTitle "playchess.com"]
[Source "ChessBase"]
[SourceQuality "1"]
[TimeControl "5400+30"]

1. e4 c5 2. Nf3 d6 3. d4 cxd4 4. Nxd4 Nf6 5. f3 e5 6. Nb3 Be6 7. c4 a5 8. Be3 a4 9. Nc1 Nbd7 10. Be2 b5 11. c5 (11. cxb5 $11 {keeps the balance.} d5 12. O-O) 11... d5 $17 12. c6 Nc5 13. Nd3 (13. O-O $15) 13... Qa5+ (13... Nxd3+ $19 14. Qxd3 d4 15. Qxb5 dxe3 16. c7+ Qd7) 14. Bd2 Qb6 15. Nxe5 Bd6 16. exd5 $2 (16. Bf4 $17 Bb8 17. Qd4) 16... Bxe5 (16... Bxd5 17. Nd7 Ncxd7 (17... Nfxd7 18. cxd7+ Nxd7 19. Nc3 $15) 18. cxd7+ Nxd7 19. Bc3 $15) 17. dxe6 Nxe6 18. Bb4 $2 (18. Na3 O-O (18... Bxb2 19. Nxb5 Bxa1 20. Nd6+ Kf8 21. Qxa1 $17) 19. Nxb5) 18... Rd8 (18... Qxc6 19. Na3 Nd4 (19... Bxb2 $2 {loses.} 20. Bxb5 $18) 20. Qxd4 Bxd4 21. Bxb5 $14) 19. Qc1 {[%emt 0:26:06] [#]} Bxh2 $1 20. Rxh2 {[%emt 0:02:26] Kf1 would now be deadly.} (20. Kf1 Nh5) 20... Qg1+ 21. Bf1 Qxh2 22. c7 Qh4+ ({Not} 22... Qxc7 23. Bxb5+ Nd7 24. Qxc7 Nxc7 25. Bxa4 $14) 23. g3 Qxb4+ 24. Nd2 {[%emt 0:00:40] [#]} Nxc7 $1 0-1

[Event "29th Bosnjaci Open 2025"]
[Site "Bosnjaci"]
[Date "2025.01.06"]
[Round "5.7"]
[White "Simunic, Krunoslav"]
[Black "Zufic, Miroslav"]
[Result "0-1"]
[ECO "D55"]
[WhiteElo "2122"]
[BlackElo "2313"]
[Annotator "TA"]
[PlyCount "58"]
[EventDate "2025.01.04"]
[EventType "swiss"]
[EventCountry "CRO"]
[SourceTitle "playchess.com"]
[Source "ChessBase"]
[SourceQuality "1"]
[TimeControl "5400+30"]

1. d4 Nf6 2. c4 e6 3. Nf3 d5 4. Nc3 Be7 5. Bg5 O-O 6. e3 h6 7. Bf4 b6 8. cxd5 Nxd5 9. Nxd5 Qxd5 10. a3 {[%emt 0:12:44] The position is equal.} c5 11. dxc5 bxc5 12. Qc2 Nd7 13. Rd1 Qb7 14. Bd3 Nf6 {[%emt 0:00:40] Prevents Bh7+} 15. O-O Bd7 16. Ne5 {[%emt 0:02:34] Nxd7 would now be deadly.} Rfd8 17. Qe2 Ba4 18. Rc1 a6 {[%emt 0:01:05] [#]} 19. b4 cxb4 $15 20. axb4 Bxb4 21. Rb1 ({White should try} 21. h4) 21... a5 $17 22. Ra1 Be8 23. Rfb1 Qe7 24. Bb5 (24. Bg3 {might work better.}) 24... Rac8 25. Bxe8 (25. Rc1 {was necessary.}) 25... Qxe8 $19 ({Resist} 25... Rxe8 26. h3) 26. Qf3 $2 (26. Rc1 {was called for.}) 26... Bc3 {[%emt 0:01:59] Black is clearly winning.} 27. Ra3 Bxe5 28. Bxe5 {[%emt 0:00:05] [#]} Qb5 $3 29. Rba1 (29. Raa1 Qxe5) 29... Qxe5 {[%emt 0:00:10] Weighted Error Value: White=0.42/Black=0.09 (flawless) .  Mistake:       	White=5     	---        Inaccurate:     	White=2     	Black=1      OK:         	White=5     	Black=8      Best:        	---       	Black=2      Brilliant:      	---       	Black=1} 0-1

[Event "29th Bosnjaci Open 2025"]
[Site "Bosnjaci"]
[Date "2025.01.06"]
[Round "5.8"]
[White "Ljubicic, Mario"]
[Black "Jakovic, Roko"]
[Result "1/2-1/2"]
[ECO "A04"]
[WhiteElo "2115"]
[BlackElo "2273"]
[Annotator "TA"]
[PlyCount "113"]
[EventDate "2025.01.04"]
[EventType "swiss"]
[EventCountry "CRO"]
[SourceTitle "playchess.com"]
[Source "ChessBase"]
[SourceQuality "1"]
[TimeControl "5400+30"]

1. e4 c5 2. Nf3 d6 3. d3 Nc6 4. g3 g6 5. Bg2 Bg7 6. O-O e5 7. c3 Nge7 8. a3 O-O 9. b4 a6 10. Be3 f5 11. exf5 gxf5 12. Qd2 {[%emt 0:05:10] [#]} c4 ({Better is} 12... f4 $1 $11 13. gxf4 Bg4) 13. dxc4 $14 f4 14. gxf4 Bg4 15. c5 ({White should play} 15. Ng5 $16) 15... exf4 $11 16. cxd6 fxe3 17. dxe7 exf2+ 18. Qxf2 Qxe7 19. Nbd2 Bxc3 20. Rae1 $1 Qg7 (20... Bd4 $2 21. Qxd4 Nxd4 22. Rxe7 $18) 21. Kh1 Rad8 22. Rd1 $2 ({White must play} 22. Qc5 $1 $15) 22... Kh8 (22... Ne5 $19 {[%cal Od8d2] Hoping for ...Rxd2!.} 23. Qh4 Bxd2 24. Nxe5 Bxd1 25. Qc4+ Kh8 26. Nf7+ Rxf7 27. Rxf7 b5) 23. Ne4 {[%emt 0:04:04] [#]} Rxd1 $1 24. Rxd1 Ne5 (24... Bd4 $1 $17 25. Qe2 Be5) 25. Qc5 (25. Nxc3 $11 Nxf3 (25... Bxf3 26. Bxf3 Nxf3 27. Ne4 $11) 26. Qg3 Nxh2 (26... Qxc3 27. Qxg4 Ne1 28. Qg3 $11) 27. Qxh2 Bxd1 (27... Qxc3 28. Qh6 $11) 28. Nxd1) 25... Bb2 $17 26. Neg5 Nxf3 27. Nxf3 Bxa3 (27... Bxf3 28. Bxf3 Bxa3 29. Bg2 $11) 28. Re1 {[%emt 0:01:44] [#]} a5 (28... Rc8 $1 $17 29. Qb6 Bb2) 29. Qxa5 $15 Bxf3 30. Bxf3 Qc3 31. Rf1 Bxb4 (31... Rxf3 $2 {too greedy.} 32. Qa8+ Kg7 33. Qxb7+ Kh8 34. Qxf3 $18 (34. Rxf3 Qe1+ 35. Kg2 Qd2+ 36. Kh3 Qh6+ 37. Kg4 Qg6+ 38. Kf4 Qf6+ 39. Ke3 Qc3+ 40. Ke4 Qxb4+ 41. Qxb4 Bxb4 $18) (34. Qa8+ Kg7 $18)) 32. Qd5 b6 33. Bg2 Rg8 34. Qb7 (34. Be4 $5 Rf8 35. Bd3 $15) 34... Bc5 35. Be4 Qg7 (35... Qh3 {is interesting.} 36. Qa6 Qd7 37. Qc4 Qg7) 36. Qxg7+ Rxg7 37. Ra1 Re7 38. Bd3 Kg7 39. Kg2 Rd7 40. Be2 Kf6 41. Kf3 Ke5 42. Bc4 Rd4 43. Re1+ Kf5 44. Bb5 Rf4+ 45. Kg2 Rf2+ 46. Kg3 Rd2 47. Re2 Bd6+ 48. Kf3 Rd4 49. Re4 Rd2 (49... Rxe4 $5 50. Bd3 Bxh2 $11) 50. Re2 Rd1 51. Ba4 Rd3+ 52. Re3 Rxe3+ 53. Kxe3 Kg4 54. Bd7+ Kh4 55. Kf3 (55. h3 $15) 55... Bxh2 $17 56. Kg2 Bd6 57. Kh1 1/2-1/2

[Event "29th Bosnjaci Open 2025"]
[Site "Bosnjaci"]
[Date "2025.01.06"]
[Round "5.9"]
[White "Bobanac, Miro"]
[Black "Pirvulescu, Ekaterina"]
[Result "1-0"]
[ECO "A37"]
[WhiteElo "2157"]
[BlackElo "2043"]
[Annotator "RC"]
[PlyCount "121"]
[EventDate "2025.01.04"]
[EventType "swiss"]
[EventCountry "CRO"]
[SourceTitle "playchess.com"]
[Source "ChessBase"]
[SourceQuality "1"]
[TimeControl "5400+30"]

1. Nf3 c5 2. c4 Nc6 3. g3 g6 4. Bg2 Bg7 5. O-O e5 6. Nc3 Nge7 7. Ne1 d6 8. Nc2 Be6 9. Ne3 O-O 10. d3 Rb8 11. Ned5 a6 12. a4 Nb4 13. Nxb4 cxb4 14. Ne4 a5 15. b3 h6 16. Bb2 f5 17. Nd2 g5 18. d4 e4 19. e3 d5 20. f3 Qd7 21. Qe2 b6 22. Rac1 exf3 23. Bxf3 dxc4 24. Nxc4 Bd5 25. Rf2 Qe6 26. Rcf1 Bxf3 27. Qxf3 Nd5 28. Bc1 Rbe8 29. Bd2 Kh7 30. Kh1 Ne7 31. Qd1 Qe4+ 32. Kg1 Nc8 33. Qb1 Qxb1 34. Rxb1 Kg6 35. Rbf1 h5 36. Kg2 Rd8 37. Bc1 g4 38. Rd1 Rd5 39. Rc2 Re8 40. Kf2 Bf6 41. Nb2 Nd6 42. Nd3 Ne4+ 43. Ke2 Rd6 44. Nf4+ Kh6 45. Bb2 Ng5 46. Kd3 Ne4 47. Rdc1 h4 48. gxh4 Bxh4 49. Rc6 Red8 50. d5 Nc5+ 51. Kc4 Bg5 52. Be5 Rxc6 53. dxc6 Bxf4 54. Bxf4+ Kg6 55. c7 Rc8 56. Kb5 Nxb3 57. Rc6+ Kf7 58. Kxb6 Nd2 59. Kb7 b3 60. Rb6 Nc4 61. Rxb3 1-0

[Event "29th Bosnjaci Open 2025"]
[Site "Bosnjaci"]
[Date "2025.01.06"]
[Round "5.10"]
[White "Faukovic, Matija"]
[Black "Gal, Andrej"]
[Result "0-1"]
[ECO "A23"]
[WhiteElo "2107"]
[BlackElo "2256"]
[Annotator "TA"]
[PlyCount "20"]
[EventDate "2025.01.04"]
[EventType "swiss"]
[EventCountry "CRO"]
[SourceTitle "playchess.com"]
[Source "ChessBase"]
[SourceQuality "1"]
[TimeControl "5400+30"]

1. c4 e5 2. Nc3 Nf6 3. g3 c6 4. Nf3 e4 5. Nd4 d5 6. cxd5 cxd5 7. d3 Bc5 8. dxe4 Nxe4 9. Nxe4 (9. Be3 $1 $14) 9... dxe4 $11 10. Be3 $2 {[%emt 0:00:03][%mdl 8192] [#]} (10. e3 $11) 10... Bb4+ {[%emt 0:03:28] White did not feel at home in the position after the opening.   Loses game:     	White=1     	---        Mistake:       	White=1     	---        Best:        	---       	Black=1} 0-1

[Event "29th Bosnjaci Open 2025"]
[Site "Bosnjaci"]
[Date "2025.01.06"]
[Round "5.11"]
[White "Tomas, Ante"]
[Black "Besedes, Danilo"]
[Result "0-1"]
[ECO "D76"]
[WhiteElo "2084"]
[BlackElo "2239"]
[Annotator "TA"]
[PlyCount "70"]
[EventDate "2025.01.04"]
[EventType "swiss"]
[EventCountry "CRO"]
[SourceTitle "playchess.com"]
[Source "ChessBase"]
[SourceQuality "1"]
[TimeControl "5400+30"]

1. Nf3 Nf6 2. g3 d5 3. Bg2 g6 4. d4 Bg7 5. O-O O-O 6. c4 Nc6 7. cxd5 Nxd5 8. e4 Nb6 9. d5 Na5 10. Nc3 c6 11. dxc6 Nxc6 12. Nd5 Nxd5 13. exd5 Nb4 14. Ne1 (14. Ng5 $5) 14... Be6 15. Nd3 $1 Nxd5 16. Nc5 Qd6 $36 {[%emt 0:01:14][%mdl 2048] Black fights for an advantage.} 17. Nxb7 (17. Nxe6 $11 {keeps the balance.} fxe6 18. Re1) 17... Qc6 $17 18. Na5 Qc7 19. Nb3 (19. Bxd5 $2 Rad8 (19... Qxa5 20. Bxe6 fxe6 21. Qe2 $16) 20. Bxe6 Rxd1 (20... Qxa5 21. Qg4 $16) 21. Rxd1 fxe6 $19 (21... Qxa5 $2 22. Bd2 $19)) 19... Rad8 20. Qe2 {[%emt 0:05:18] Repels Ne3} Nb4 21. Bd2 {[%emt 0:04:14] [#]} (21. Bg5 $15) 21... Qc2 $1 {[%emt 0:06:21] Black has more active pieces.} 22. Qe4 {[%emt 0:06:37] [#]} (22. Be4 $17 Qxb2 23. Rfb1) 22... Qxe4 $1 $19 ({Much worse is} 22... Rxd2 $6 23. Nxd2 Qxd2 24. Rfd1 Qxb2 25. Rab1 Qxa2 26. Qxb4 $11 (26. Rxb4 a5 $15)) 23. Bxe4 {[%emt 0:00:02] [#]} Nxa2 $1 24. Rxa2 (24. Nc5 Rxd2) 24... Bxb3 25. Ra3 Rxd2 26. Rxb3 Rxb2 27. Rb1 Rxb1+ 28. Rxb1 {[%emt 0:00:06][%mdl 4096] Endgame KRB-KRB. Black is two pawns up.} Bd4 29. Rb7 e6 30. Kf1 Rc8 31. Ke2 Rc3 32. f3 h5 33. h3 Bb6 34. h4 (34. Rd7 {is a better defense.}) 34... Kg7 35. g4 $2 (35. Kf1) 35... hxg4 0-1

[Event "29th Bosnjaci Open 2025"]
[Site "Bosnjaci"]
[Date "2025.01.06"]
[Round "5.12"]
[White "Starcevic, Ante Leon"]
[Black "Konjevic, Nikola"]
[Result "1/2-1/2"]
[ECO "D02"]
[WhiteElo "2200"]
[BlackElo "2095"]
[Annotator "RC"]
[PlyCount "95"]
[EventDate "2025.01.04"]
[EventType "swiss"]
[EventCountry "CRO"]
[SourceTitle "playchess.com"]
[Source "ChessBase"]
[SourceQuality "1"]
[TimeControl "5400+30"]

1. Nf3 d5 2. d4 Nf6 3. c3 e6 4. Bf4 Bd6 5. e3 c5 6. Bb5+ Nc6 7. Ne5 Qc7 8. Nd2 O-O 9. Nxc6 bxc6 10. Bxd6 Qxd6 11. Bd3 cxd4 12. cxd4 c5 13. dxc5 Qxc5 14. Rc1 Qb6 15. Qb3 Qa5 16. Rc3 Ba6 17. Bxa6 Qxa6 18. Qa3 Qxa3 19. Rxa3 Rfc8 20. Kd1 Ng4 21. Ke2 Rc2 22. f3 Ne5 23. b3 Nc6 24. Ra4 Rb8 25. Ra1 Rc3 26. Kd1 Kf8 27. Rc1 Rxc1+ 28. Kxc1 Ke7 29. Ra6 Rb6 30. Rxb6 axb6 31. a4 Kd6 32. Kc2 Kc5 33. Kc3 Nb4 34. f4 Na2+ 35. Kb2 Nb4 36. Nf3 f6 37. Nd4 Kd6 38. Ka3 Nd3 39. b4 g6 40. Nf3 e5 41. fxe5+ Nxe5 42. Nxe5 fxe5 43. a5 b5 44. Kb3 h5 45. g4 hxg4 46. Kc3 g3 47. hxg3 g5 48. Kd3 1/2-1/2

[Event "29th Bosnjaci Open 2025"]
[Site "Bosnjaci"]
[Date "2025.01.06"]
[Round "5.13"]
[White "Maravic, Ivan"]
[Black "Grgantov, Marin"]
[Result "1-0"]
[ECO "E25"]
[WhiteElo "2074"]
[BlackElo "2191"]
[Annotator "TA"]
[PlyCount "47"]
[EventDate "2025.01.04"]
[EventType "swiss"]
[EventCountry "CRO"]
[SourceTitle "playchess.com"]
[Source "ChessBase"]
[SourceQuality "1"]
[TimeControl "5400+30"]

1. d4 Nf6 2. c4 e6 3. Nc3 Bb4 4. f3 d5 5. a3 Bxc3+ 6. bxc3 c5 7. cxd5 Nxd5 8. dxc5 Qa5 9. e4 Nf6 10. Be3 O-O 11. Qb3 Nfd7 12. a4 Qc7 13. Bb5 Nxc5 14. Qa3 Nba6 (14... b6 $11) 15. Ne2 $14 e5 16. O-O Be6 17. c4 Rad8 18. Rad1 {[%emt 0:04:34] Against Rd3} f5 (18... Rxd1 $16 19. Rxd1 Rc8) 19. exf5 $18 Bxf5 20. Nc3 {[%emt 0:00:51] and Nd5 would now be decisive} Be6 (20... Ne6 {was worth a try.} 21. Nd5 (21. Bxa7 Nf4 $18) 21... Qf7 22. Bxa7 Nac7) 21. Nd5 Bxd5 22. cxd5 Qd6 23. Rc1 Rc8 $2 (23... b6 24. Bg5 Nc7 25. Bxd8 Rxd8) 24. Bxa6 1-0

[Event "29th Bosnjaci Open 2025"]
[Site "Bosnjaci"]
[Date "2025.01.06"]
[Round "5.14"]
[White "Colev, Ivor"]
[Black "Petricevic, Mateo"]
[Result "0-1"]
[ECO "C10"]
[WhiteElo "2169"]
[BlackElo "2060"]
[Annotator "RC"]
[PlyCount "54"]
[EventDate "2025.01.04"]
[EventType "swiss"]
[EventCountry "CRO"]
[SourceTitle "playchess.com"]
[Source "ChessBase"]
[SourceQuality "1"]
[TimeControl "5400+30"]

1. e4 e6 2. d4 d5 3. Nc3 h6 4. Nf3 Nf6 5. e5 Nfd7 6. Be3 c5 7. dxc5 Nc6 8. Bb5 Nxc5 9. Nd4 Qc7 10. O-O a6 11. Bxc6+ bxc6 12. f4 g6 13. b4 Nd7 14. a3 c5 15. bxc5 Bxc5 16. Qd3 Nb6 17. Nb3 Be7 18. a4 Nc4 19. Bd4 Bd7 20. Rae1 Bc6 21. g4 Rg8 22. Kh1 Nb2 23. Qh3 Nxa4 24. f5 Nxc3 25. Qxc3 Qd7 26. f6 Bf8 27. Bc5 d4+ 0-1

[Event "29th Bosnjaci Open 2025"]
[Site "Bosnjaci"]
[Date "2025.01.06"]
[Round "5.15"]
[White "Topalic, Fran"]
[Black "Djuric, Leon"]
[Result "0-1"]
[ECO "C55"]
[WhiteElo "1968"]
[BlackElo "2145"]
[Annotator "RC"]
[PlyCount "110"]
[EventDate "2025.01.04"]
[EventType "swiss"]
[EventCountry "CRO"]
[SourceTitle "playchess.com"]
[Source "ChessBase"]
[SourceQuality "1"]
[TimeControl "5400+30"]

1. e4 e5 2. Nf3 Nc6 3. Bc4 Nf6 4. d3 Be7 5. O-O d6 6. c3 O-O 7. Re1 Na5 8. Bb5 c5 9. d4 a6 10. Bf1 Nc6 11. d5 Nb8 12. a4 h6 13. h3 Nh7 14. Qb3 Kh8 15. Bd3 Qc7 16. Nbd2 Ng5 17. Nxg5 Bxg5 18. Nc4 Bxc1 19. Raxc1 Nd7 20. a5 Rb8 21. Qa2 b5 22. axb6 Nxb6 23. Qa5 Bd7 24. Nxb6 Qxb6 25. Qxb6 Rxb6 26. Ra1 Rfb8 27. Ra5 Bb5 28. Bxb5 axb5 29. Rea1 R8b7 30. b4 c4 31. Ra8+ Kh7 32. Rd8 Kg6 33. f3 Kf6 34. Kf2 Rb8 35. Rxb8 Rxb8 36. Ra7 Rb6 37. Kg3 Rb8 38. Kg4 g6 39. h4 Rb6 40. g3 Rb8 41. f4 Rb6 42. Kf3 Rb8 43. g4 exf4 44. Kxf4 g5+ 45. hxg5+ hxg5+ 46. Ke3 Rh8 47. Rb7 Rh3+ 48. Kd2 Ke5 49. Re7+ Kf4 50. Rxf7+ Kxe4 51. Rf5 Rh2+ 52. Kc1 Rg2 53. Rxg5 Kd3 54. Rg6 Kxc3 55. Kb1 Kb3 0-1

[Event "29th Bosnjaci Open 2025"]
[Site "Bosnjaci"]
[Date "2025.01.06"]
[Round "5.16"]
[White "Jelecevic, Ivo"]
[Black "Franc, Borna"]
[Result "0-1"]
[ECO "C47"]
[WhiteElo "1972"]
[BlackElo "2287"]
[Annotator "TA"]
[PlyCount "44"]
[EventDate "2025.01.04"]
[EventType "swiss"]
[EventCountry "CRO"]
[SourceTitle "playchess.com"]
[Source "ChessBase"]
[SourceQuality "1"]
[TimeControl "5400+30"]

1. e4 e5 2. Nf3 Nc6 3. Nc3 Nf6 4. d4 exd4 5. Nxd4 Bc5 6. Nxc6 bxc6 7. Bd3 O-O 8. O-O d5 9. exd5 (9. Qf3 $14) 9... cxd5 10. h3 h6 {[%emt 0:09:11] The position is equal.} 11. Qf3 Bb7 12. Re1 Rb8 13. Na4 (13. Rb1 $11) 13... Bd6 $15 14. Nc3 (14. b3 $1 $15) 14... Re8 ({Black should play} 14... d4 $19 15. Ne4 Nxe4 16. Bxe4 Re8) 15. Rxe8+ Qxe8 16. Qd1 (16. Qe2 $1 $15) 16... Qe5 $17 17. f4 Qd4+ 18. Kh1 {[%emt 0:00:09][%cal Od3h7] [#] aiming for Bh7+!} Qf2 {[%emt 0:00:08][%cal Ob8e8] White must now prevent ...Re8! Black is more active.} (18... Bxf4 $2 {is the wrong capture.} 19. Bh7+ Nxh7 20. Qxd4 $18) 19. Qg1 (19. Qf1 $17 Qh4 20. Ne2) 19... Qh4 $40 {[%emt 0:06:11][%mdl 128] Threatens to win with ...d4. Black wants a kill.} 20. Qxa7 (20. Nb5 d4 (20... Bxf4 21. Bxf4 Qxf4 22. Qxa7 $11) 21. Nxd6 cxd6 22. Qf1 Qxh3+ 23. Kg1) 20... c5 {[%emt 0:17:54] Black is clearly winning.} 21. Kg1 d4 ({Worse is} 21... Bxf4 22. Bxf4 Qxf4 23. Qxc5 $14) 22. Ne2 Qe1+ {[%emt 0:00:30] Weighted Error Value: White=0.83/Black=0.31.  Mistake:       	White=6     	Black=1      OK:         	White=3     	Black=4      Best:        	White=1     	Black=2} 0-1